 Dungeon Crawl Stone Soup version 0.29.1 (webtiles) character file.

Game seed: 17308340309039684999

54798 qw the Severer (level 14, -3/190 HPs)
             Began as a Minotaur Berserker on Sept 13, 2022.
             Was a High Priest of Trog.
             Slain by a ten-headed hydra (6 damage)
             ... on level 12 of the Dungeon.
             The game lasted 00:07:30 (25033 turns).

qw the Severer (Minotaur Berserker)                Turns: 25033, Time: 00:07:31

Health: -3/190     AC: 23    Str: 25    XL:     14   Next: 35%
Magic:  13/13      EV: 13    Int:  4    God:    Trog [*****.]
Gold:   1964       SH: 19    Dex: 12    Spells: 13/13 levels left

rFire   . . .      SeeInvis .   Y - +4 broad axe
rCold   . . .      Faith    .   j - +0 tower shield
rNeg    . . .      Spirit   .   f - +0 storm dragon scales
rPois   .          Reflect  .   (helmet restricted)
rElec   +          Harm     .   l - +0 cloak
rCorr   .          Rampage  .   c - +0 pair of gloves
Will    +....                   i - +0 pair of boots
Stlth   ..........              (no amulet)
HPRegen 0.41/turn               u - +4 ring of protection
MPRegen 0.13/turn               r - +4 ring of evasion

@: berserking (expiring), very quick
A: horns 2, retaliatory headbutt
a: Renounce Religion, Berserk, Trog's Hand, Brothers in Arms


You were on level 12 of the Dungeon.
You worshipped Trog.
Trog was extremely pleased with you.
You visited 2 branches of the dungeon, and saw 17 of its levels.

You collected 2063 gold pieces.
You spent 99 gold pieces at shops.


Innate Abilities, Weirdness & Mutations

You have a pair of horns on your head.
You reflexively headbutt those who attack you in melee.


   Skills:
 + Level 12.3 Fighting
 - Level 18.0 Axes
 - Level 5.0 Throwing
 - Level 11.0 Armour
 - Level 5.0 Dodging
 - Level 17.0 Shields


You had 13 spell levels left.
You didn't know any spells.
Your spell library was empty.

Inventory:

Hand Weapons
 t - a +3 morningstar of freezing
 Y - a +4 broad axe (weapon)
Missiles
 m - 4 javelins (quivered)
Armour
 c - a +0 pair of gloves (worn)
 f - +0 storm dragon scales (worn)
 i - a +0 pair of boots (worn)
 j - a +0 tower shield (worn)
 l - a +0 cloak (worn)
Jewellery
 q - a ring of fire
 r - a +4 ring of evasion (right hand)
 u - a +4 ring of protection (left hand)
Scrolls
 a - 6 scrolls of teleportation
 d - a scroll of torment {unknown}
 p - 6 scrolls of identify
Potions
 b - 3 potions of mutation
 e - 5 potions of haste
 g - a potion of might
 h - 7 potions of curing
 k - a potion of resistance

Dungeon Overview and Level Annotations

Branches:
Dungeon (12/15)            Temple (0/1) D:7            Lair (5/5) D:9
 Shoals (0/4) Lair:2        Snake (0/4) Lair:3        Slime (0/5) Lair:4
    Orc (0/2) D:12

Altars:
Ashenzari
Elyvilon
Hepliaklqana
Qazlal
Sif Muna
Trog
Uskayaw
Zin
Jiyva

Shops:
D:2 =   D:5 *   D:11 (

Annotations:
D:10 3 runed translucent doors, qw's ghost, journeyman MiBe
Lair:2 3 runed translucent doors, qw's ghost, journeyman TrCA


Message History

The six-headed hydra is moderately wounded.
You slash the death knight!
The death knight hits you with a +0 broad axe!!
You block the six-headed hydra's attack. x2
The six-headed hydra bites you but does no damage. x2
You block the six-headed hydra's attack. x2
You slice one of the six-headed hydra's heads off!
The five-headed hydra grows two more!
You slice the seven-headed hydra!!
The seven-headed hydra is severely wounded.
You slash the death knight!
The centaur shoots an arrow.
You block the arrow.
A vampire mosquito comes into view.
You lop one of the seven-headed hydra's heads off!
The six-headed hydra grows two more!
You slice the eight-headed hydra!!
The eight-headed hydra is severely wounded.
You slice the death knight!!
The centaur shoots an arrow.
The arrow hits you.
The death knight hits you but does no damage.
You block the eight-headed hydra's attack. x4
The eight-headed hydra bites you but does no damage.
The eight-headed hydra barely misses you. x2
The eight-headed hydra bites you but does no damage.
You slice one of the eight-headed hydra's heads off!
The seven-headed hydra grows two more!
You slice the nine-headed hydra!!
The nine-headed hydra is almost dead.
You slash the death knight!
The centaur shoots an arrow.
You block the arrow.
Your two-headed ogre rages.
The death knight calls down the wrath of Yredelemnul upon you.
You struggle to resist.
You hack one of the nine-headed hydra's heads off!
The eight-headed hydra grows two more!
You slice the ten-headed hydra!!
The ten-headed hydra is almost dead.
You slash the death knight!
You feel the power of Trog in you as your rage grows.
You kill the death knight!
Trog accepts your kill.
Trog will now gift you melee weapons as you gain piety.
The ten-headed hydra bites you.
You die...

#....##.# ##.#####.#..#
..#. ...# #.# ..# #....#.
..## #.#. ..# #......#.
..# ##.#..... ...y$...#
..# #..#.....##...!(...#
..# ##..#....#.[#9.....#
!.# #...#...#.)cD#....#
..####...#).#...@y.#..#
#..##....# #....O)).#
#.......####........#
#.......##..#......#..#
#.###...##...#....#....#
#.##.....#?...#..#......#
..##..####.....##........#
......# #.....##........#
.####.# #....#..#......#.


You could see a ten-headed hydra (ally target), 2 vampire mosquitoes, a
gargoyle, a centaur and a friendly two-headed ogre (summoned, berserk).

Vanquished Creatures
  Kirke (Lair:3)
  2 slime creatures (D:12)
  Snorg (D:12)
  Erolcha (D:10)
  3 hydras
  Erica (D:8)
  An ogre mage (D:11)
  2 two-headed ogres
  A death knight (D:12)
  11 death yaks
  A tengu warrior (D:12)
  Urug (D:10)
  2 manticores
  An ugly thing (D:12)
  A merfolk siren (Lair:2)
  2 torpor snails (Lair:3)
  5 elephants (Lair:5)
  3 black mambas
  Maurice (D:9)
  3 gargoyles
  10 cane toads
  A kobold demonologist (D:11)
  2 unseen horrors
  2 rime drakes (Lair:5)
  Psyche (D:8)
  Maggie (D:8)
  14 komodo dragons
  3 trolls
  8 polar bears
  5 hornets
  8 blink frogs
  2 dream sheep (Lair:5)
  Sigmund (D:6)
  13 spriggans (Lair:5)
  2 wyverns
  3 basilisks
  A wraith (D:11)
  34 yaks
  3 hogs (Lair:3)
  3 steam dragons
  Grum (D:10)
  Edmund (D:5)
  2 wargs (D:9)
  3 nagas (Lair:3)
  Duvessa (D:6)
  12 water moccasins
  9 orc warriors
  7 black bears
  2 ice beasts
  2 sky beasts
  An ogre (D:6)
  5 boggarts (Lair:5)
  A centaur (D:7)
  27 wolves
  A phantom (D:4)
  A kobold brigand (D:8)
  4 gnoll sergeants
  A scorpion (D:5)
  10 bullfrogs
  18 wights
  Dowan (D:6)
  9 killer bees
  3 howler monkeys
  An electric eel (Lair:2)
  2 jellies
  A gnoll bouda (D:8)
  5 orc priests
  3 hounds
  3 iguanas
  21 orc wizards
  5 hell rats (Lair:5)
  8 adders
  21 gnolls
  A shadow imp (D:7)
  A white imp (D:7)
  2 worms
  2 dart slugs
  47 orcs
  3 endoplasms
  3 giant cockroaches
  11 goblins
  6 hobgoblins
  A jackal (D:1)
  4 kobolds
  2 quokkas
  7 ball pythons
  5 bats
  2 frilled lizards (D:2)
  3 rats
  A spectral hobgoblin (D:5)
454 creatures vanquished.

Vanquished Creatures (collateral kills)
  A two-headed ogre (D:12)
  A boulder beetle (D:12)
  An unseen horror (D:12)
  A centaur (D:12)
4 creatures vanquished.

Vanquished Creatures (others)
  A human (Lair:4)
  A gnoll (D:8)
  A bush (D:6)
  A butterfly (D:6)
  15 fungi
  23 plants
42 creatures vanquished.

Grand Total: 500 creatures vanquished

Notes
Turn   | Place    | Note
-------+----------+-------------------------------------------
     0 | D:1      | qw the Minotaur Berserker began the quest for the Orb.
     0 | D:1      | Reached XP level 1. HP: 19/19 MP: 0/0
     0 | D:1      | 0 ||| qw: Version: 0.1-a-119-g272c26d
     0 | D:1      | 0 ||| qw: Game counter: 11091
     0 | D:1      | 0 ||| qw: Always use a shield: true
     0 | D:1      | 0 ||| qw: Do Orc after D:15 true
     0 | D:1      | 0 ||| qw: Do second Lair branch before Depths: true
     0 | D:1      | 0 ||| qw: Lair rune preference: random
     0 | D:1      | 0 ||| qw: Plans: Normal
     0 | D:1      | 0 ||| PLANNING D:1-11
   241 | D:1      | Reached skill level 4 in Axes
   250 | D:1      | Reached XP level 2. HP: 16/26 MP: 1/1
   556 | D:1      | 556 ||| DROPPING +0 club.
   703 | D:1      | You fall into a shaft and drop 1 floor!
   777 | D:2      | 777 ||| Stepping ~*~*~tactically~*~*~ (hiding).
   922 | D:2      | Found Wydulaer's Jewellery Emporium.
   925 | D:2      | 925 ||| SHOPLISTING +4 ring of evasion (432 gold, have 74).
   925 | D:2      | 925 ||| SHOPLISTING amulet of the acrobat (360 gold, have
                  | 74).
   925 | D:2      | 925 ||| SHOPLISTING ring of ice (300 gold, have 74).
   955 | D:2      | 955 ||| UPGRADING to +0 scale mail.
   965 | D:2      | 965 ||| DROPPING +0 animal skin.
   966 | D:2      | 966 ||| READING scroll labelled IBRALI GESHROY.
   967 | D:2      | 967 ||| READING scroll labelled VEIRAO BYQU.
   968 | D:2      | 968 ||| READING scroll labelled TIUNOT TYUN.
   972 | D:2      | 972 ||| DRINKING 2 yellow potions.
   973 | D:2      | 973 ||| DRINKING 2 lumpy amethyst potions.
   974 | D:2      | 974 ||| DROPPING potion of flight.
   975 | D:2      | 975 ||| DROPPING potion of attraction.
  1207 | D:2      | 1207 ||| DROPPING +0 whip.
  1245 | D:2      | Reached skill level 5 in Axes
  1358 | D:2      | 1358 ||| READING scroll of enchant weapon.
  1358 | D:2      | 1358 ||| ENCHANTING +1 hand axe.
  1372 | D:2      | 1372 ||| DRINKING 2 murky green potions.
  1580 | D:2      | Reached XP level 3. HP: 31/31 MP: 2/2
  1950 | D:2      | 1950 ||| Stepping ~*~*~tactically~*~*~ (hiding).
  2082 | D:2      | 2082 ||| READING scroll labelled UFUTIX VOKAM.
  2121 | D:3      | 2121 ||| Stepping ~*~*~tactically~*~*~ (hiding).
  2127 | D:3      | 2127 ||| INVOKING Berserk.
  2130 | D:3      | Reached skill level 6 in Axes
  2130 | D:3      | Reached XP level 4. HP: 39/39 MP: 3/3
  2134 | D:3      | 2134 ||| Stepping ~*~*~tactically~*~*~ (stealth).
  2135 | D:3      | 2135 ||| Stepping ~*~*~tactically~*~*~ (stealth).
  2188 | D:3      | 2188 ||| Stepping ~*~*~tactically~*~*~ (stealth).
  2199 | D:3      | 2199 ||| Stepping ~*~*~tactically~*~*~ (stealth).
  2289 | D:3      | 2289 ||| Stepping ~*~*~tactically~*~*~ (stealth).
  2292 | D:3      | 2292 ||| Stepping ~*~*~tactically~*~*~ (stealth).
  2297 | D:3      | 2297 ||| Stepping ~*~*~tactically~*~*~ (stealth).
  2308 | D:3      | 2308 ||| Stepping ~*~*~tactically~*~*~ (stealth).
  2328 | D:3      | 2328 ||| INVOKING Berserk.
  2339 | D:3      | Reached skill level 7 in Axes
  2339 | D:3      | Reached XP level 5. HP: 18/45 MP: 4/4
  2377 | D:3      | 2377 ||| FLEEEEING.
  2378 | D:3      | 2378 ||| FLEEEEING.
  2387 | D:3      | 2387 ||| STAIRDANCE
  2543 | D:3      | Reached ** piety under Trog
  2820 | D:3      | Found a glowing silver altar of Zin.
  2888 | D:3      | 2888 ||| UPGRADING to +0 tower shield.
  2893 | D:3      | 2893 ||| READING scroll labelled XUDOET ZOWIFY.
  2894 | D:3      | 2894 ||| READING scroll labelled ZODAJOKK VUCEQ.
  2895 | D:3      | 2895 ||| READING scroll labelled NIEHIK DIACY.
  2896 | D:3      | 2896 ||| DRINKING 2 green potions.
  2897 | D:3      | 2897 ||| READING 2 scrolls of teleportation.
  2950 | D:4      | Noticed a sky beast
  2960 | D:4      | Killed a sky beast
  2961 | D:4      | Reached skill level 3 in Shields
  2961 | D:4      | Reached XP level 6. HP: 45/52 MP: 5/5
  3169 | D:4      | 3169 ||| READING scroll of brand weapon.
  3169 | D:4      | 3169 ||| BRANDING +2 hand axe of draining.
  3207 | D:4      | 3207 ||| INVOKING Berserk.
  3522 | D:4      | 3522 ||| DROPPING +0 flail.
  3538 | D:4      | 3538 ||| INVOKING Berserk.
  3540 | D:4      | Reached skill level 6 in Shields
  3540 | D:4      | Reached XP level 7. HP: 37/59 MP: 6/6
  3967 | D:4      | 3967 ||| Stepping ~*~*~tactically~*~*~ (stealth).
  4436 | D:4      | Found a shimmering blue altar of Sif Muna.
  4436 | D:4      | Found a stormy altar of Qazlal.
  4437 | D:4      | 4437 ||| SWAPPING to +0 war axe.
  4438 | D:4      | 4438 ||| DROPPING +2 hand axe of venom.
  4440 | D:4      | 4440 ||| UPGRADING to +0 plate armour.
  4450 | D:4      | 4450 ||| DROPPING +0 scale mail.
  4451 | D:4      | 4451 ||| READING scroll labelled GODICI JODAUSH.
  4462 | D:5      | Entered Level 5 of the Dungeon
  4478 | D:5      | Noticed Edmund
  4483 | D:5      | 4483 ||| INVOKING Berserk.
  4494 | D:5      | Killed Edmund
  4657 | D:5      | 4657 ||| Stepping ~*~*~tactically~*~*~ (stealth).
  4659 | D:5      | 4659 ||| Stepping ~*~*~tactically~*~*~ (hiding).
  4683 | D:5      | 4683 ||| INVOKING Berserk.
  4686 | D:5      | Reached XP level 8. HP: 39/66 MP: 7/7
  4687 | D:5      | Reached skill level 9 in Shields
  4870 | D:5      | Found the necklace of Bloodlust {*Rage Will++ Int-3 Slay+6}
  5235 | D:5      | Found a hazy altar of Hepliaklqana.
  5588 | D:5      | Found Qothumm's General Store.
  5592 | D:5      | Found a broken altar of Ashenzari.
  5596 | D:5      | 5596 ||| BUYING 3 scrolls of identify (66 gold).
  5596 | D:5      | Bought 3 scrolls of identify for 66 gold pieces
  5596 | D:5      | 5596 ||| SHOPLISTING scarf of resistance (352 gold, have
                  | 190).
  5596 | D:5      | 5596 ||| BUYING scroll of teleportation (33 gold).
  5596 | D:5      | Bought a scroll of teleportation for 33 gold pieces
  5683 | D:5      | Reached skill level 3 in Armour
  5957 | D:5      | 5957 ||| READING scroll labelled MASTAEH AHUBA.
  5958 | D:5      | 5958 ||| READING 4 scrolls of identify.
  5958 | D:5      | 5958 ||| IDENTIFYING murky purple potion
  5959 | D:5      | 5959 ||| READING 3 scrolls of identify.
  5959 | D:5      | 5959 ||| IDENTIFYING fizzy ruby potion
  5960 | D:5      | 5960 ||| READING 2 scrolls of identify.
  5960 | D:5      | 5960 ||| IDENTIFYING inky potion
  5961 | D:5      | 5961 ||| DROPPING potion of degeneration.
  6097 | D:6      | 6097 ||| Stepping ~*~*~tactically~*~*~ (hiding).
  6137 | D:6      | 6137 ||| FLEEEEING.
  6138 | D:6      | 6138 ||| FLEEEEING.
  6139 | D:6      | 6139 ||| FLEEEEING.
  6140 | D:6      | 6140 ||| FLEEEEING.
  6141 | D:6      | 6141 ||| FLEEEEING.
  6142 | D:6      | 6142 ||| FLEEEEING.
  6143 | D:6      | 6143 ||| FLEEEEING.
  6144 | D:6      | 6144 ||| FLEEEEING.
  6145 | D:6      | 6145 ||| FLEEEEING.
  6146 | D:6      | 6146 ||| FLEEEEING.
  6147 | D:6      | 6147 ||| FLEEEEING.
  6148 | D:6      | 6148 ||| FLEEEEING.
  6149 | D:6      | 6149 ||| FLEEEEING.
  6150 | D:6      | 6150 ||| FLEEEEING.
  6151 | D:6      | 6151 ||| FLEEEEING.
  6152 | D:6      | 6152 ||| FLEEEEING.
  6153 | D:6      | 6153 ||| FLEEEEING.
  6154 | D:6      | 6154 ||| FLEEEEING.
  6155 | D:6      | 6155 ||| FLEEEEING.
  6156 | D:6      | 6156 ||| FLEEEEING.
  6157 | D:6      | 6157 ||| FLEEEEING.
  6158 | D:6      | 6158 ||| STAIRDANCE
  6275 | D:6      | Reached skill level 8 in Axes
  6275 | D:6      | 6275 ||| STAIRDANCE
  6440 | D:6      | Reached *** piety under Trog
  6507 | D:6      | Found a hide-covered altar of Uskayaw.
  6547 | D:6      | 6547 ||| Stepping ~*~*~tactically~*~*~ (stealth).
  6550 | D:6      | 6550 ||| Stepping ~*~*~tactically~*~*~ (hiding).
  6557 | D:6      | 6557 ||| DRINKING 5 potions of curing.
  6557 | D:6      | 6557 ||| (to cure confusion)
  6562 | D:6      | 6562 ||| Stepping ~*~*~tactically~*~*~ (stealth).
  6564 | D:6      | 6564 ||| Stepping ~*~*~tactically~*~*~ (stealth).
  6571 | D:6      | 6571 ||| Stepping ~*~*~tactically~*~*~ (stealth).
  6572 | D:6      | 6572 ||| Stepping ~*~*~tactically~*~*~ (stealth).
  6573 | D:6      | 6573 ||| Stepping ~*~*~tactically~*~*~ (stealth).
  6574 | D:6      | 6574 ||| INVOKING Berserk.
  6704 | D:6      | Reached skill level 9 in Axes
  6794 | D:6      | 6794 ||| INVOKING Berserk.
  7035 | D:6      | Noticed Dowan
  7035 | D:6      | Noticed Duvessa
  7036 | D:6      | 7036 ||| Stepping ~*~*~tactically~*~*~ (hiding).
  7040 | D:6      | 7040 ||| INVOKING Berserk.
  7044 | D:6      | Killed Dowan
  7048 | D:6      | Killed Duvessa
  7209 | D:6      | 7209 ||| INVOKING Berserk.
  7335 | D:6      | Found a white marble altar of Elyvilon.
  7349 | D:6      | Noticed Sigmund
  7350 | D:6      | 7350 ||| INVOKING Berserk.
  7355 | D:6      | Killed Sigmund
  7356 | D:6      | Reached XP level 9. HP: 74/74 MP: 8/8
  7529 | D:6      | 7529 ||| INVOKING Berserk.
  7558 | D:6      | 7558 ||| FLEEEEING.
  7559 | D:6      | 7559 ||| FLEEEEING.
  7560 | D:6      | 7560 ||| FLEEEEING.
  7561 | D:6      | 7561 ||| FLEEEEING.
  7562 | D:6      | 7562 ||| FLEEEEING.
  7563 | D:6      | 7563 ||| FLEEEEING.
  7565 | D:6      | 7565 ||| FLEEEEING.
  7566 | D:6      | 7566 ||| FLEEEEING.
  7586 | D:6      | 7586 ||| Stepping ~*~*~tactically~*~*~ (stealth).
  7674 | D:6      | 7674 ||| READING 2 scrolls labelled XAHYXZ PUCOCO.
  7675 | D:6      | 7675 ||| DRINKING 2 fizzy red potions.
  7676 | D:6      | 7676 ||| READING 2 scrolls of identify.
  7676 | D:6      | 7676 ||| IDENTIFYING emerald potion
  7677 | D:6      | 7677 ||| DROPPING scroll of fog.
  7678 | D:6      | 7678 ||| DROPPING potion of invisibility.
  7679 | D:6      | 7679 ||| DROPPING potion of magic.
  7709 | D:7      | 7709 ||| INVOKING Berserk.
  7882 | D:7      | 7882 ||| Stepping ~*~*~tactically~*~*~ (hiding).
  7883 | D:7      | 7883 ||| SWAPPING to +0 broad axe.
  7899 | D:7      | Found a flagged portal.
  7903 | D:7      | 7903 ||| DROPPING +0 war axe.
  7946 | D:7      | Reached skill level 10 in Axes
  8038 | D:7      | Found a staircase to the Ecumenical Temple.
  8046 | D:7      | Found a bloodstained altar of Trog.
  8078 | D:7      | 8078 ||| Stepping ~*~*~tactically~*~*~ (hiding).
  8079 | D:7      | 8079 ||| Stepping ~*~*~tactically~*~*~ (hiding).
  8081 | D:7      | 8081 ||| Stepping ~*~*~tactically~*~*~ (hiding).
  8082 | D:7      | 8082 ||| Stepping ~*~*~tactically~*~*~ (hiding).
  8084 | D:7      | 8084 ||| Stepping ~*~*~tactically~*~*~ (hiding).
  8251 | D:7      | 8251 ||| INVOKING Berserk.
  8368 | D:7      | 8368 ||| INVOKING Berserk.
  8841 | D:7      | 8841 ||| FLEEEEING.
  8842 | D:7      | 8842 ||| FLEEEEING.
  8843 | D:7      | 8843 ||| FLEEEEING.
  8845 | D:7      | 8845 ||| FLEEEEING.
  8846 | D:7      | 8846 ||| FLEEEEING.
  8847 | D:7      | 8847 ||| FLEEEEING.
  8848 | D:7      | 8848 ||| FLEEEEING.
  8849 | D:7      | 8849 ||| FLEEEEING.
  9106 | D:7      | 9106 ||| READING 2 scrolls of identify.
  9106 | D:7      | 9106 ||| IDENTIFYING clear potion
  9160 | D:8      | Noticed Maggie
  9161 | D:8      | 9161 ||| Stepping ~*~*~tactically~*~*~ (hiding).
  9170 | D:8      | 9170 ||| INVOKING Berserk.
  9173 | D:8      | Killed Maggie
  9176 | D:8      | Reached skill level 6 in Fighting
  9468 | D:8      | 9468 ||| Stepping ~*~*~tactically~*~*~ (hiding).
  9473 | D:8      | 9473 ||| INVOKING Berserk.
  9476 | D:8      | Noticed Psyche
  9493 | D:8      | Killed Psyche
  9545 | D:8      | Identified the +3 ring mail "Sautsit" {rN+}
  9546 | D:8      | 9546 ||| FLEEEEING.
  9547 | D:8      | 9547 ||| FLEEEEING.
  9553 | D:8      | 9553 ||| FLEEEEING.
  9689 | D:8      | Reached skill level 11 in Axes
  9807 | D:8      | 9807 ||| Stepping ~*~*~tactically~*~*~ (hiding).
  9812 | D:8      | 9812 ||| INVOKING Berserk.
  9945 | D:8      | Paralysed by a hornet for 1 turns
  9947 | D:8      | 9947 ||| INVOKING Berserk.
  9951 | D:8      | Reached skill level 12 in Shields
  9951 | D:8      | Reached XP level 10. HP: 32/83 MP: 9/9
  9951 | D:8      | HP: 30/124 [poisoned by a hornet]
  9956 | D:8      | HP: 16/83 [poisoned by a hornet]
 10298 | D:8      | 10298 ||| Stepping ~*~*~tactically~*~*~ (hiding).
 10309 | D:8      | 10309 ||| INVOKING Berserk.
 10525 | D:8      | 10525 ||| Stepping ~*~*~tactically~*~*~ (hiding).
 10526 | D:8      | 10526 ||| Stepping ~*~*~tactically~*~*~ (hiding).
 10531 | D:8      | Noticed Erica
 10532 | D:8      | 10532 ||| Stepping ~*~*~tactically~*~*~ (stealth).
 10535 | D:8      | 10535 ||| Stepping ~*~*~tactically~*~*~ (stealth).
 10548 | D:8      | 10548 ||| INVOKING Berserk.
 10552 | D:8      | Killed Erica
 10553 | D:8      | Reached skill level 12 in Axes
 10779 | D:8      | 10779 ||| Stepping ~*~*~tactically~*~*~ (stealth).
 10780 | D:8      | 10780 ||| Stepping ~*~*~tactically~*~*~ (stealth).
 10868 | D:8      | 10868 ||| Stepping ~*~*~tactically~*~*~ (stealth).
 10870 | D:8      | 10870 ||| Stepping ~*~*~tactically~*~*~ (stealth).
 11018 | D:8      | 11018 ||| FLEEEEING.
 11019 | D:8      | 11019 ||| FLEEEEING.
 11021 | D:8      | 11021 ||| FLEEEEING.
 11022 | D:8      | 11022 ||| FLEEEEING.
 11023 | D:8      | 11023 ||| FLEEEEING.
 11025 | D:8      | 11025 ||| FLEEEEING.
 11026 | D:8      | 11026 ||| FLEEEEING.
 11027 | D:8      | 11027 ||| FLEEEEING.
 11170 | D:8      | 11170 ||| DRINKING 2 metallic purple potions.
 11171 | D:8      | 11171 ||| READING 2 scrolls of identify.
 11171 | D:8      | 11171 ||| IDENTIFYING silvery potion
 11172 | D:8      | 11172 ||| DROPPING potion of brilliance.
 11284 | D:9      | Found a staircase to the Lair.
 11286 | D:9      | 11286 ||| INVOKING Berserk.
 11615 | D:9      | 11615 ||| INVOKING Berserk.
 11631 | D:9      | 11631 ||| Stepping ~*~*~tactically~*~*~ (stealth).
 11789 | D:9      | Reached skill level 13 in Axes
 11802 | D:9      | 11802 ||| Stepping ~*~*~tactically~*~*~ (hiding).
 11803 | D:9      | 11803 ||| INVOKING Berserk.
 11804 | D:9      | Noticed Maurice
 11842 | D:9      | HP: 20/86 [something (3)]
 11848 | D:9      | HP: 9/86 [something (4)]
 11852 | D:9      | Killed Maurice
 12206 | D:9      | 12206 ||| INVOKING Berserk.
 12898 | D:9      | 12898 ||| PLANNING LAIR
 12898 | D:9      | 12898 ||| UPGRADING to +0 cloak.
 12903 | D:9      | 12903 ||| DROPPING ring of magical power.
 12904 | D:9      | 12904 ||| UPGRADING to +4 ring of protection.
 12905 | D:9      | 12905 ||| READING scroll labelled CAPUAVUGHU.
 13007 | Lair:1   | Entered Level 1 of the Lair of Beasts
 13092 | Lair:1   | Reached skill level 6 in Armour
 13212 | Lair:1   | Noticed a cane toad
 13215 | Lair:1   | 13215 ||| INVOKING Berserk.
 13218 | Lair:1   | Killed a cane toad
 13462 | Lair:1   | Noticed a cane toad
 13466 | Lair:1   | 13466 ||| INVOKING Berserk.
 13468 | Lair:1   | Killed a cane toad
 13469 | Lair:1   | Reached XP level 11. HP: 94/94 MP: 10/10
 13642 | Lair:1   | 13642 ||| INVOKING Berserk.
 13681 | Lair:1   | 13681 ||| INVOKING Berserk.
 13985 | Lair:1   | Reached skill level 14 in Axes
 14075 | Lair:1   | 14075 ||| Stepping ~*~*~tactically~*~*~ (hiding).
 14076 | Lair:1   | 14076 ||| Stepping ~*~*~tactically~*~*~ (hiding).
 14086 | Lair:1   | 14086 ||| DRINKING potion of cancellation.
 14319 | Lair:1   | 14319 ||| READING 2 scrolls of identify.
 14319 | Lair:1   | 14319 ||| IDENTIFYING viscous purple potion
 14320 | Lair:1   | 14320 ||| DROPPING potion of ambrosia.
 14355 | Lair:2   | 14355 ||| INVOKING Berserk.
 14440 | Lair:2   | 14440 ||| READING scroll of enchant weapon.
 14440 | Lair:2   | 14440 ||| ENCHANTING +0 broad axe.
 14494 | Lair:2   | Found a runed translucent gate.
 14494 | Lair:2   | Found a runed translucent gate.
 14494 | Lair:2   | Found a runed translucent gate.
 14498 | Lair:2   | Noticed a great orb of eyes
 14498 | Lair:2   | Noticed qw's ghost (journeyman TrCA)
 14533 | Lair:2   | 14533 ||| Stepping ~*~*~tactically~*~*~ (stealth).
 14534 | Lair:2   | 14534 ||| Stepping ~*~*~tactically~*~*~ (stealth).
 14541 | Lair:2   | 14541 ||| INVOKING Berserk.
 14545 | Lair:2   | Reached skill level 3 in Dodging
 14658 | Lair:2   | 14658 ||| INVOKING Berserk.
 14772 | Lair:2   | 14772 ||| Stepping ~*~*~tactically~*~*~ (stealth).
 14774 | Lair:2   | 14774 ||| INVOKING Berserk.
 14974 | Lair:2   | 14974 ||| INVOKING Berserk.
 15106 | Lair:2   | Noticed a seven-headed hydra
 15110 | Lair:2   | 15110 ||| SWAPPING to +3 morningstar of freezing.
 15111 | Lair:2   | 15111 ||| INVOKING Berserk.
 15115 | Lair:2   | Killed a seven-headed hydra
 15116 | Lair:2   | Reached skill level 15 in Axes
 15124 | Lair:2   | 15124 ||| SWAPPING to +1 broad axe.
 15129 | Lair:2   | HP: 23/94 [poisoned by a black mamba]
 15130 | Lair:2   | 15130 ||| READING 6 scrolls of teleportation.
 15131 | Lair:2   | 15131 ||| DRINKING 2 potions of heal wounds.
 15514 | Lair:2   | 15514 ||| INVOKING Berserk.
 15676 | Lair:2   | Found a staircase to the Shoals.
 15686 | Lair:2   | Reached skill level 9 in Fighting
 16000 | Lair:2   | Found a viscous altar of Jiyva.
 16001 | Lair:2   | 16001 ||| DRINKING 2 bubbling red potions.
 16044 | Lair:2   | 16044 ||| DROPPING potion of lignification.
 16082 | Lair:3   | 16082 ||| INVOKING Berserk.
 16089 | Lair:3   | 16089 ||| STAIRDANCE
 16268 | Lair:3   | 16268 ||| FLEEEEING.
 16270 | Lair:3   | 16270 ||| FLEEEEING.
 16271 | Lair:3   | 16271 ||| FLEEEEING.
 16274 | Lair:3   | 16274 ||| FLEEEEING.
 16275 | Lair:3   | 16275 ||| STAIRDANCE
 16333 | Lair:3   | 16333 ||| INVOKING Berserk.
 16341 | Lair:3   | 16341 ||| STAIRDANCE
 16507 | Lair:3   | Found a staircase to the Snake Pit.
 16508 | Lair:3   | 16508 ||| Stepping ~*~*~tactically~*~*~ (hiding).
 16520 | Lair:3   | 16520 ||| INVOKING Berserk.
 16520 | Lair:3   | HP: 36/145 [naga/+1 halberd of protection (6)]
 16522 | Lair:3   | Reached XP level 12. HP: 39/104 MP: 11/11
 16526 | Lair:3   | HP: 34/156 [poisoned by a naga (splash of poison)]
 16552 | Lair:3   | HP: 24/104 [poisoned by a water moccasin]
 16984 | Lair:3   | 16984 ||| INVOKING Berserk.
 17128 | Lair:3   | 17128 ||| READING 2 scrolls of enchant weapon.
 17128 | Lair:3   | 17128 ||| ENCHANTING +1 broad axe.
 17129 | Lair:3   | 17129 ||| READING scroll of enchant weapon.
 17129 | Lair:3   | 17129 ||| ENCHANTING +2 broad axe.
 17334 | Lair:3   | 17334 ||| READING scroll labelled HAFIEV MAES.
 17361 | Lair:4   | 17361 ||| FLEEEEING.
 17362 | Lair:4   | 17362 ||| FLEEEEING.
 17363 | Lair:4   | 17363 ||| STAIRDANCE
 17367 | Lair:4   | 17367 ||| STAIRDANCE
 17422 | Lair:4   | 17422 ||| STAIRDANCE
 17424 | Lair:3   | 17424 ||| INVOKING Berserk.
 17527 | Lair:3   | Reached skill level 16 in Axes
 17529 | Lair:4   | 17529 ||| STAIRDANCE
 17529 | Lair:4   | Noticed Kirke
 17536 | Lair:4   | 17536 ||| STAIRDANCE
 17571 | Lair:4   | 17571 ||| STAIRDANCE
 17573 | Lair:3   | 17573 ||| INVOKING Trog's Hand.
 17574 | Lair:3   | 17574 ||| INVOKING Berserk.
 17580 | Lair:3   | Killed Kirke
 17713 | Lair:4   | 17713 ||| INVOKING Berserk.
 17738 | Lair:4   | 17738 ||| FLEEEEING.
 17739 | Lair:4   | 17739 ||| FLEEEEING.
 17740 | Lair:4   | 17740 ||| FLEEEEING.
 17741 | Lair:4   | 17741 ||| FLEEEEING.
 17742 | Lair:4   | 17742 ||| FLEEEEING.
 17744 | Lair:4   | 17744 ||| FLEEEEING.
 17745 | Lair:4   | 17745 ||| FLEEEEING.
 17746 | Lair:4   | 17746 ||| STAIRDANCE
 17850 | Lair:4   | 17850 ||| INVOKING Berserk.
 17857 | Lair:4   | 17857 ||| STAIRDANCE
 18173 | Lair:4   | Noticed a death yak
 18173 | Lair:4   | Noticed a death yak
 18173 | Lair:4   | Noticed a death yak
 18174 | Lair:4   | 18174 ||| Stepping ~*~*~tactically~*~*~ (stealth).
 18176 | Lair:4   | Noticed a death yak
 18176 | Lair:4   | 18176 ||| Stepping ~*~*~tactically~*~*~ (stealth).
 18177 | Lair:4   | Noticed a death yak
 18180 | Lair:4   | Noticed a death yak
 18181 | Lair:4   | 18181 ||| Stepping ~*~*~tactically~*~*~ (stealth).
 18183 | Lair:4   | 18183 ||| INVOKING Berserk.
 18188 | Lair:4   | Killed a death yak
 18198 | Lair:4   | Killed a death yak
 18208 | Lair:4   | Killed a death yak
 18211 | Lair:4   | HP: 21/104 [death yak (20)]
 18212 | Lair:4   | 18212 ||| READING 6 scrolls of teleportation.
 18213 | Lair:4   | 18213 ||| DRINKING 2 potions of heal wounds.
 18218 | Lair:4   | Killed a death yak
 18219 | Lair:4   | HP: 25/104 [death yak (11)]
 18220 | Lair:4   | 18220 ||| READING 5 scrolls of teleportation.
 18221 | Lair:4   | 18221 ||| DRINKING potion of heal wounds.
 18222 | Lair:4   | HP: 5/104 [death yak (17)]
 18593 | Lair:4   | Found a viscous altar of Jiyva.
 18594 | Lair:4   | Found a staircase to the Slime Pits.
 18656 | Lair:4   | 18656 ||| Stepping ~*~*~tactically~*~*~ (stealth).
 18662 | Lair:4   | 18662 ||| INVOKING Berserk.
 18668 | Lair:4   | Killed a death yak
 18671 | Lair:4   | Killed a death yak
 18672 | Lair:4   | Reached skill level 17 in Axes
 18857 | Lair:4   | 18857 ||| INVOKING Berserk.
 19544 | Lair:5   | Entered Level 5 of the Lair of Beasts
 19548 | Lair:5   | 19548 ||| STAIRDANCE
 19568 | Lair:5   | 19568 ||| STAIRDANCE
 19575 | Lair:5   | 19575 ||| STAIRDANCE
 19739 | Lair:5   | Reached skill level 15 in Shields
 19772 | Lair:5   | Noticed a six-headed hydra
 19775 | Lair:5   | 19775 ||| Stepping ~*~*~tactically~*~*~ (stealth).
 19777 | Lair:5   | 19777 ||| Stepping ~*~*~tactically~*~*~ (stealth).
 19780 | Lair:5   | 19780 ||| SWAPPING to +3 morningstar of freezing.
 19782 | Lair:5   | 19782 ||| INVOKING Berserk.
 19785 | Lair:5   | Killed a six-headed hydra
 19791 | Lair:5   | 19791 ||| SWAPPING to +3 broad axe.
 19796 | Lair:5   | 19796 ||| Stepping ~*~*~tactically~*~*~ (stealth).
 19828 | Lair:5   | 19828 ||| Stepping ~*~*~tactically~*~*~ (stealth).
 19831 | Lair:5   | 19831 ||| INVOKING Berserk.
 19846 | Lair:5   | 19846 ||| Stepping ~*~*~tactically~*~*~ (stealth).
 19847 | Lair:5   | 19847 ||| Stepping ~*~*~tactically~*~*~ (stealth).
 19924 | Lair:5   | 19924 ||| INVOKING Berserk.
 19942 | Lair:5   | Reached XP level 13. HP: 113/113 MP: 12/12
 19982 | Lair:5   | Reached **** piety under Trog
 19984 | Lair:5   | 19984 ||| INVOKING Berserk.
 20049 | Lair:5   | 20049 ||| Stepping ~*~*~tactically~*~*~ (stealth).
 20053 | Lair:5   | 20053 ||| Stepping ~*~*~tactically~*~*~ (stealth).
 20087 | Lair:5   | 20087 ||| INVOKING Berserk.
 20090 | Lair:5   | Reached skill level 18 in Axes
 20293 | Lair:5   | 20293 ||| INVOKING Berserk.
 20447 | Lair:5   | 20447 ||| INVOKING Berserk.
 20454 | Lair:5   | Reached skill level 9 in Armour
 20549 | Lair:5   | 20549 ||| INVOKING Berserk.
 20678 | Lair:5   | 20678 ||| Stepping ~*~*~tactically~*~*~ (hiding).
 20679 | Lair:5   | 20679 ||| Stepping ~*~*~tactically~*~*~ (hiding).
 20727 | Lair:5   | 20727 ||| Stepping ~*~*~tactically~*~*~ (stealth).
 20729 | Lair:5   | 20729 ||| INVOKING Berserk.
 20765 | Lair:5   | 20765 ||| Stepping ~*~*~tactically~*~*~ (stealth).
 20831 | Lair:5   | 20831 ||| INVOKING Berserk.
 20898 | Lair:5   | 20898 ||| INVOKING Berserk.
 20956 | Lair:5   | 20956 ||| Stepping ~*~*~tactically~*~*~ (stealth).
 21001 | Lair:5   | 21001 ||| Stepping ~*~*~tactically~*~*~ (stealth).
 21005 | Lair:5   | 21005 ||| Stepping ~*~*~tactically~*~*~ (stealth).
 21008 | Lair:5   | 21008 ||| INVOKING Berserk.
 21051 | Lair:5   | 21051 ||| FLEEEEING.
 21201 | Lair:5   | 21201 ||| INVOKING Berserk.
 21288 | Lair:5   | 21288 ||| Stepping ~*~*~tactically~*~*~ (stealth).
 21290 | Lair:5   | 21290 ||| Stepping ~*~*~tactically~*~*~ (hiding).
 21291 | Lair:5   | 21291 ||| Stepping ~*~*~tactically~*~*~ (hiding).
 21350 | Lair:5   | 21350 ||| SWAPPING to +3 morningstar of freezing.
 21352 | Lair:5   | 21352 ||| INVOKING Berserk.
 21371 | Lair:5   | 21371 ||| Stepping ~*~*~tactically~*~*~ (stealth).
 21372 | Lair:5   | 21372 ||| SWAPPING to +3 broad axe.
 21454 | Lair:5   | 21454 ||| INVOKING Berserk.
 21842 | Lair:5   | 21842 ||| Stepping ~*~*~tactically~*~*~ (stealth).
 21849 | Lair:5   | 21849 ||| Stepping ~*~*~tactically~*~*~ (stealth).
 21850 | Lair:5   | 21850 ||| Stepping ~*~*~tactically~*~*~ (stealth).
 21852 | Lair:5   | 21852 ||| INVOKING Berserk.
 21998 | Lair:5   | 21998 ||| Stepping ~*~*~tactically~*~*~ (stealth).
 22019 | Lair:5   | 22019 ||| Stepping ~*~*~tactically~*~*~ (stealth).
 22023 | Lair:5   | 22023 ||| Stepping ~*~*~tactically~*~*~ (stealth).
 22056 | Lair:5   | 22056 ||| Stepping ~*~*~tactically~*~*~ (stealth).
 22061 | Lair:5   | Reached skill level 12 in Fighting
 22088 | Lair:5   | 22088 ||| INVOKING Berserk.
 22461 | Lair:5   | 22461 ||| PLANNING D:1-11
 22461 | Lair:5   | 22461 ||| UPGRADING to +0 pair of gloves.
 22466 | Lair:5   | 22466 ||| UPGRADING to +0 storm dragon scales.
 22476 | Lair:5   | 22476 ||| DROPPING +0 plate armour.
 22477 | Lair:5   | 22477 ||| UPGRADING to +0 pair of boots.
 22629 | D:10     | Entered Level 10 of the Dungeon
 22631 | D:10     | 22631 ||| STAIRDANCE
 22646 | D:10     | 22646 ||| STAIRDANCE
 22736 | D:10     | 22736 ||| Stepping ~*~*~tactically~*~*~ (stealth).
 22740 | D:10     | 22740 ||| Stepping ~*~*~tactically~*~*~ (stealth).
 22743 | D:10     | 22743 ||| Stepping ~*~*~tactically~*~*~ (stealth).
 22870 | D:10     | Noticed Grum
 22871 | D:10     | 22871 ||| Stepping ~*~*~tactically~*~*~ (hiding).
 22876 | D:10     | 22876 ||| INVOKING Berserk.
 22880 | D:10     | Killed Grum
 23102 | D:10     | 23102 ||| READING scroll of enchant weapon.
 23102 | D:10     | 23102 ||| ENCHANTING +3 broad axe.
 23197 | D:10     | Noticed Urug
 23198 | D:10     | 23198 ||| Stepping ~*~*~tactically~*~*~ (hiding).
 23202 | D:10     | 23202 ||| INVOKING Berserk.
 23208 | D:10     | Killed Urug
 23212 | D:10     | 23212 ||| Stepping ~*~*~tactically~*~*~ (hiding).
 23221 | D:10     | Noticed Erolcha
 23222 | D:10     | 23222 ||| INVOKING Trog's Hand.
 23235 | D:10     | Killed Erolcha
 23236 | D:10     | Reached XP level 14. HP: 72/126 MP: 13/13
 23410 | D:10     | Identified the +4 rapier "Cooqyrus" {venom, +Blink}
 23414 | D:10     | Found a runed translucent gate.
 23414 | D:10     | Found a runed translucent gate.
 23414 | D:10     | Noticed qw's ghost (journeyman MiBe)
 23415 | D:10     | Found a runed translucent gate.
 23607 | D:10     | 23607 ||| READING scroll labelled HAUPRU MOLEYTU.
 23770 | D:11     | 23770 ||| DRINKING 8 potions of curing.
 23770 | D:11     | 23770 ||| (to cure confusion)
 23776 | D:11     | Reached skill level 1 in Throwing
 23930 | D:11     | 23930 ||| Stepping ~*~*~tactically~*~*~ (hiding).
 24024 | D:11     | 24024 ||| Stepping ~*~*~tactically~*~*~ (hiding).
 24155 | D:11     | Reached ***** piety under Trog
 24162 | D:11     | Reached skill level 3 in Throwing
 24332 | D:11     | Found Sautient's Weapon Emporium.
 24645 | D:11     | 24645 ||| PLANNING D
 24645 | D:11     | 24645 ||| UPGRADING to ring of willpower.
 24646 | D:11     | 24646 ||| DROPPING ring of ice.
 24647 | D:11     | 24647 ||| UPGRADING to +4 ring of evasion.
 24649 | D:11     | 24649 ||| DROPPING ring of willpower.
 24650 | D:11     | 24650 ||| READING scroll labelled XAEFICE VOXEFO.
 24650 | D:11     | Identified a scroll of acquirement
 24650 | D:11     | 24650 ||| ACQUIRING 791 gold pieces
 24650 | D:11     | Acquired 791 gold pieces
 24703 | D:12     | Noticed Snorg
 24704 | D:12     | 24704 ||| INVOKING Brothers in Arms.
 24707 | D:12     | 24707 ||| INVOKING Berserk.
 24710 | D:12     | Killed Snorg
 24847 | D:12     | 24847 ||| Stepping ~*~*~tactically~*~*~ (stealth).
 24849 | D:12     | 24849 ||| Stepping ~*~*~tactically~*~*~ (hiding).
 24859 | D:12     | 24859 ||| INVOKING Berserk.
 24949 | D:12     | Found a staircase to the Orcish Mines.
 25015 | D:12     | 25015 ||| INVOKING Brothers in Arms.
 25020 | D:12     | 25020 ||| INVOKING Berserk.
 25027 | D:12     | HP: 38/186 [four-headed hydra (12)]
 25029 | D:12     | HP: 6/190 [death knight/+0 broad axe (25)]
 25031 | D:12     | HP: 2/190 [centaur/arrow (4)]
 25033 | D:12     | Slain by a ten-headed hydra

Levels and vault maps discovered:
D:1:      amcnicky_arrival_flooded_fountain, layout_loops_cross,
          minmay_tetromino_l4
D:2:      layout_loops_ring, serial_shops, nicolae_shop_behind_doors,
          skrybe_limestone_x
D:3:      layout_rooms, mainiacjoe_overflow_24_doors
D:4:      layout_basic, gammafunk_temple_overflow_pools
D:5:      layout_layer_cave, nicolae_hepliaklqana_monster_ancestors,
          mainiacjoe_overflow_tiny_flanked, serial_shops, shop,
          grunt_ministairs_15, nrook_campfire, kennysheep_path_1,
          kennysheep_minor_cross, uniq_edmund
D:6:      layout_loops_cross, nicolae_elyvilon_peaceful_grove,
          marbit_many_paths, lightli_orcish_oven, uniq_duvessa, uniq_sigmund
D:7:      layout_basic, bloody_trog, minmay_temple_entry_overgrown,
          enter_bailey_3, nicolae_lava_and_water
D:8:      layout_loops_ring, uniq_psyche, uniq_erica, uniq_maggie
D:9:      layout_basic, erik_lair_orcish_takeover, uniq_maurice
D:10:     layout_rooms, gammafunk_ghost_split, grunt_ministairs_14, uniq_grum,
          uniq_urug, uniq_erolcha
D:11:     layout_loops_ring, serial_shops, nicolae_shop_statue_plus,
          minivault_25_ag
D:12:     minmay_big_diamond_grid, layout_rooms, david_orc_4, uniq_snorg
Lair:1:   layout_chaotic_city, infiniplex_staircase_pool
Lair:2:   layout_misc_corridors, elwin_shoals_entry_rooms,
          portal_ice_cave_entry_ice_simulacra, gammafunk_ghost_ooze,
          cheibrodos_lair_caveside_slide
Lair:3:   layout_cave_shapes, guppyfry_snake_entry_garden
Lair:4:   layout_loops_ring, slime_entry_1, chequers_serial_rivers_large_b,
          hangedman_lair_unloving_vines, st_stairs_6, grunt_megastairs_4,
          uniq_kirke
Lair:5:   minmay_lair_end_enchanted_forest, layout_cave_pods

Skill      XL: |  1  2  3  4  5  6  7  8  9 10 11 12 13 14 |
---------------+-------------------------------------------+-----
Axes           | 4 5 6 7 9 11 13 15 17 18 | 18.0
Fighting       | 4 5 6 7 9 10 12 | 12.3
Shields        | 3 6 8 10 12 13 14 15 16 17 | 17.0
Armour         | 3 4 6 7 8 11 | 11.0
Dodging        | 3 4 5 |  5.0
Throwing       | 5 |  5.0

Action                   |  1- 3 |  4- 6 |  7- 9 | 10-12 | 13-15 || total
-------------------------+-------+-------+-------+-------+-------++-------
Melee: Hand axe          |    73 |    81 |    52 |       |       ||   206
       Headbutt          |    13 |     9 |    51 |   112 |   111 ||   296
       Punch             |     1 |       |       |       |       ||     1
       War axe           |       |       |   156 |       |       ||   156
       Broad axe         |       |       |    80 |   516 |   483 ||  1079
       Unarmed           |       |       |    17 |       |       ||    17
       Morningstar       |       |       |       |    12 |     7 ||    19
Throw: Boomerang         |       |     2 |       |       |       ||     2
       Javelin           |       |       |       |       |     7 ||     7
Invok: Berserk           |     1 |     3 |    15 |    31 |    19 ||    69
       Trog's Hand       |       |       |       |     1 |     1 ||     2
       Brothers in Arms  |       |       |       |       |     2 ||     2
  Use: Scroll            |     5 |     5 |     8 |    10 |     3 ||    31
       Potion            |     3 |     1 |     2 |     6 |     1 ||    13
 Stab: Invisible         |       |       |     2 |       |       ||     2
Armor: Animal skin       |    12 |       |       |       |       ||    12
       Scale mail        |    10 |    21 |     9 |       |       ||    40
       Plate armour      |       |       |    75 |   174 |    70 ||   319
       Storm dragon scal |       |       |       |       |   102 ||   102
Dodge: Dodged            |    33 |    22 |    36 |    83 |    89 ||   263
Block: Tower shield      |       |    16 |   221 |   437 |   376 ||  1050

Table legend:
 A = Non-vault XP
 B = Vault XP
 C = Vault XP percentage of total XP
 D = Non-vault monster count
 E = Vault monster count
 F = Vault count percentage of total count
                 A         B        C        D         E       F
            +---------+---------+-------+---------+---------+-------
      Total |   53385 |   25720 |  32.5 |     325 |     134 |  29.2
            +---------+---------+-------+---------+---------+-------
        D:1 |      14 |       9 |  39.1 |       6 |       6 |  50.0
        D:2 |      43 |       0 |   0.0 |      17 |       0 |   0.0
        D:3 |     192 |       0 |   0.0 |      27 |       0 |   0.0
        D:4 |     747 |       0 |   0.0 |      21 |       0 |   0.0
        D:5 |     378 |     256 |  40.4 |      11 |       7 |  38.9
        D:6 |     868 |     490 |  36.1 |      15 |       9 |  37.5
        D:7 |     946 |       8 |   0.8 |      15 |       4 |  21.1
        D:8 |    2180 |    1550 |  41.6 |      33 |       3 |   8.3
        D:9 |    1591 |    1086 |  40.6 |      21 |      10 |  32.3
       D:10 |    3096 |    3041 |  49.6 |      19 |      10 |  34.5
       D:11 |    3722 |    1192 |  24.3 |      18 |       4 |  18.2
       D:12 |    2621 |    6348 |  70.8 |       5 |      25 |  83.3
     Lair:1 |    4162 |       0 |   0.0 |      20 |       0 |   0.0
     Lair:2 |    5962 |     481 |   7.5 |      20 |       1 |   4.8
     Lair:3 |    3652 |    2431 |  40.0 |      15 |       7 |  31.8
     Lair:4 |    6686 |     844 |  11.2 |      13 |       3 |  18.8
     Lair:5 |   16525 |    7984 |  32.6 |      49 |      45 |  47.9
            +---------+---------+-------+---------+---------+-------
